 Dungeon Crawl Stone Soup version 0.28-a0-819-g6ef7baa362 (webtiles) character file.

Game seed: 5540935439878403139

200828 flotson the Fighter (level 17, -1/138 HPs)
             Began as a Demonspawn Delver on Nov 7, 2021.
             Was an Initiate of Gozag.
             Slain by a redback (15 damage)
             ... on level 1 of the Spider Nest on Nov 8, 2021.
             The game lasted 01:54:27 (50666 turns).

flotson the Fighter (Demonspawn Delver)            Turns: 50666, Time: 01:54:28

Health: -1/138     AC:  0    Str: 17 (18) XL:     17   Next: 89%
Magic:  0/17       EV:  9    Int: 13 (14) God:    Gozag
Gold:   2979       SH: 19    Dex: 14      Spells: 16/16 levels left

rFire   + + +      SeeInvis +   a - +6 broad axe (vorpal)
rCold   + . .      Faith    .   z - +2 tower shield {AC+3}
rNeg    . . .      Spirit   +   F - +6 chain mail of Qysop {rF++ rC+}
rPois   +          Reflect  .   U - +1 hat {SInv}
rElec   .          Harm     .   m - +1 cloak {Will+}
rCorr   .          Rampage  .   P - +1 pair of gloves
Will    ++...                   (boots unavailable)
Stlth   ..........              K - amulet of guardian spirit
HPRegen 0.33/turn               d - ring of Qoboen {*Corrode +Blink rF+++ AC+4}
MPRegen 0.15/turn               R - ring of poison resistance

@: mighty, corroded
A: hooves 3, molten scales 3, powered by death 1, powered by pain 1
}: 1/15 runes: decaying
a: Renounce Religion, Evoke Blink, Potion Petition, Call Merchant, Bribe Branch


You were on level 1 of the Spider Nest.
You worshipped Gozag.
Gozag was most pleased with you.
You visited 6 branches of the dungeon, and saw 30 of its levels.
You visited the Abyss 1 time.
You also visited: Ossuary and Ice Cave.

You collected 11328 gold pieces.
You spent 3296 gold pieces at shops.
You paid 5053 gold pieces to Gozag.

Inventory:

Hand Weapons
 a - a +6 vorpal broad axe (weapon)
 b - the +7 fustibalus "Juuqam" {venom, Str+2 Dex+2 Stlth+}
   (You bought it in a shop on level 5 of the Dungeon)

   Any ammunition fired from it poisons the flesh of those it strikes.
   Str:       It affects your strength (+2).
   Dex:       It affects your dexterity (+2).
   Stlth:     It makes you more stealthy.
Missiles
 h - 15 javelins
 r - 3 curare-tipped darts (quivered)
 O - 44 sling bullets
 S - a throwing net
 Z - 7 atropa-tipped darts
Armour
 m - a +1 cloak of willpower (worn)
 z - a +2 tower shield of protection (worn)
 F - the +6 chain mail of Qysop (worn) {rF++ rC+}
   (You bought it in a shop on level 9 of the Dungeon)

   rF:        It greatly protects you from fire.
   rC:        It protects you from cold.
 P - a +1 pair of gloves (worn)
 U - a +1 hat of see invisible (worn)
Jewellery
 d - the ring of Qoboen (left hand) {*Corrode +Blink rF+++ AC+4}
   (You found it on level 13 of the Dungeon)

   [ring of protection]

   AC:        It affects your AC (+4).
   rF:        It renders you almost immune to fire.
   +Blink:    It lets you blink.
   *Corrode:  It may corrode you when you take damage.
 s - the ring "Ylustawoxzu" {Wiz rCorr Str+3}
   (You found it in an ice cave)

   [ring of wizardry]

   It improves your spell success rate.
   Str:       It affects your strength (+3).
   rCorr:     It protects you from acid and corrosion.
 v - a ring of flight
 H - a +4 ring of evasion
 K - an amulet of guardian spirit (around neck)
 R - a ring of poison resistance (right hand)
Wands
 g - a wand of digging (6)
 p - a wand of charming (13)
 x - a wand of paralysis (28)
 N - a wand of iceblast (15)
 X - a wand of mindburst (7)
 Y - a wand of acid (11)
Scrolls
 e - 6 scrolls of fear
 f - 2 scrolls of enchant armour
 i - 5 scrolls of identify
 w - a scroll of teleportation
 y - 3 scrolls of holy word
 A - 2 scrolls of magic mapping
 C - 2 scrolls of summoning
 D - 2 scrolls of vulnerability
 E - 4 scrolls of silence
 J - a scroll of immolation
 V - a scroll of brand weapon
 W - 5 scrolls of fog
Potions
 k - a potion of ambrosia
 l - 5 potions of curing
 o - 7 potions of lignification
 q - 3 potions of might
 u - 3 potions of mutation
 B - 2 potions of cancellation
 I - 4 potions of haste
 L - 2 potions of berserk rage
 M - 3 potions of resistance
 T - 3 potions of attraction
Miscellaneous
 c - a piece from Xom's chessboard (15/15)
 j - a tin of tremorstones (2/2)
 t - a condenser vane
 G - a phial of floods
 Q - a phantom mirror


   Skills:
 + Level 13.8 Fighting
 + Level 10.8 Axes
 + Level 10.3(11.1) Slings
 - Level 6.3(9.2) Throwing
 + Level 12.4 Armour
 + Level 12.4 Dodging
 - Level 4.5 Stealth
 + Level 12.0 Shields
 - Level 12.0 Evocations


You had 16 spell levels left.
You didn't know any spells.
Your spell library contained the following spells:

 Spells                   Type           Power      Damage    Failure   Level
 Animate Skeleton         Necr           0%         N/A       100%        1
 Pain                     Necr           0%         1d4       100%        1
 Corpse Rot               Necr/Air       0%         N/A       100%        2
 Dazzling Flash           Conj/Hex       0%         N/A       100%        3
 Gell's Gravitas          Tloc           0%         N/A       100%        3
 Inner Flame              Hex/Fire       0%         N/A       100%        3
 Stone Arrow              Conj/Erth      0%         3d7       100%        3
 Teleport Other           Tloc           0%         N/A       100%        3
 Tukima's Dance           Hex            0%         N/A       100%        3
 Vampiric Draining        Necr           0%         2d6       100%        3
 Animate Armour           Summ/Erth      0%         N/A       100%        4
 Cause Fear               Hex            0%         N/A       100%        4
 Dispel Undead            Necr           0%         3d6       100%        4
 Leda's Liquefaction      Hex/Erth       0%         N/A       100%        4
 Passage of Golubria      Tloc           0%         N/A       100%        4
 Agony                    Necr           0%         N/A       100%        5
 Freezing Cloud           Conj/Ice/Air   0%         6-21      100%        5
 Lee's Rapid Deconstruct  Erth           0%         3d5*      100%        5
 Silence                  Hex/Air        0%         N/A       100%        5
 Yara's Violent Unravell  Hex/Tmut       0%         3d3       100%        5
 Death Channel            Necr           0%         N/A       100%        6
 Dispersal                Tloc           0%         N/A       100%        6
 Simulacrum               Ice/Necr       0%         N/A       100%        6
 Statue Form              Tmut/Erth      0%         N/A       100%        6
 Discord                  Hex            0%         N/A       100%        8
 Lehudib's Crystal Spear  Conj/Erth      0%         10d2      100%        8
 Chain Lightning          Conj/Air       0%         N/A       100%        9
 Fire Storm               Conj/Fire      0%         5d1       100%        9
 Polar Vortex             Ice            0%         N/A       100%        9
 Shatter                  Erth           0%         3d5*      100%        9


Dungeon Overview and Level Annotations

Branches:
Dungeon (15/15)            Temple (1/1) D:4            Lair (6/6) D:8
  Swamp (4/4) Lair:2       Spider (2/4) Lair:3        Slime (0/5) Lair:5
    Orc (2/2) D:10            Elf (0/3) Orc:2        Vaults (0/5) D:14
 Depths (0/4) D:15        Ossuary (visited)           IceCv (visited)

Altars:
Cheibriados
Dithmenos
Elyvilon
Fedhas
Gozag
Hepliaklqana
Kikubaaqudgha
Qazlal
Wu Jian
Xom
Yredelemnul
Zin
Beogh
Jiyva

Shops:
D:5 (   D:9 [   D:10 [**[*   D:13 *   Orc:1 [   Orc:2 *=(:

Portals:
Trove: D:11 (give +8 demon whip)

Annotations:
D:7 jasper's ghost, novice DsCA
Swamp:3 Timpunn's ghost, journeyman PaAE


Innate Abilities, Weirdness & Mutations

You have hooves in place of feet.
You are completely covered in molten scales. (AC +4, rF+)
You regenerate a little health from kills.
You sometimes gain a little power by taking damage.


Message History

There is a stone staircase leading down here.
Unknown command.
Okay, then.
Unknown command.
You blink.
You block the redback's attack. The redback closely misses you.
You are still too unstable to blink.
The redback bites you.
* * * LOW HITPOINT WARNING * * *
The redback closely misses you.
You feel stable enough to blink again. The redback barely misses you.
You blink.
The redback bites you.
* * * LOW HITPOINT WARNING * * *
You feel stable enough to blink again. You block the redback's attack.
The redback bites you.
* * * LOW HITPOINT WARNING * * *
You blink.
The redback bites you!
* * * LOW HITPOINT WARNING * * *
The redback closely misses you. The redback bites you!
* * * LOW HITPOINT WARNING * * *
You are lethally poisoned!
The redback poisons you!
Unknown command.
You feel better. The redback bites you. The redback bites you!!
* * * LOW HITPOINT WARNING * * *
You focus on the pain.
You feel your power returning. The redback bites you.
You are lethally poisoned!
The redback poisons you!
You feel much better.
You feel stable enough to blink again.
* * * LOW HITPOINT WARNING * * *
You focus on the pain.
You feel very mighty all of a sudden.
You feel extremely sick. You block the redback's attack. The redback bites you!
* * * LOW HITPOINT WARNING * * *
You block the redback's attack.
You feel better.
You block the redback's attack. x2; The redback bites you!!
You die...
Your body crumbles into a pile of gold.

...........#........#
....#..............##
............#.....##
)..................##
....#...............#
..................^##
............#....^..###
.........###....)..≈≈≈#
........##.##...@...≈≈#
.......##.#.##.ss...≈##
......##.#.#.##...≈###
.....##.#^#.#.##..≈≈#
.....#.#.#.#.#.#..###
>....##.#^#.#.##..#
....[.##.#.#.##..≈##
....#..##.#.##....≈##
........##'##....≈≈.##


You could see 2 redbacks.

Vanquished Creatures
  Rupert (D:14)
  A tentacled monstrosity (Swamp:2)
  4 acid blobs (Lair:5)
  Gastronok (D:9)
  2 tentacled starspawn (Abyss:2)
  4 thorn hunters
  Kirke (D:14)
  3 fenstrider witches
  2 ghost moths
  An emperor scorpion (Spider:1)
  2 vampire knights (Swamp:4)
  Nessos (D:14)
  The ghost of Ekaitz the Arsonist, a journeyman HOFE of Sif Muna (Lair:5)
  The ghost of AttackTheMoon the Basher, a journeyman TrFi of Okawaru (Orc:2)
  4 bunyips
  Snorg (D:11)
  4 eleionomae
  A fire dragon (D:14)
  2 ettins (D:13)
  A shambling mangrove (Swamp:2)
  Josephine (D:11)
  19 hydras
  A ghost crab (Swamp:3)
  2 spriggan air magi
  A catoblepas (Lair:6)
  4 ogre magi (Orc:2)
  3 boulder beetles (D:13)
  8 centaur warriors
  20 two-headed ogres
  11 alligators
  A death knight (D:12)
  3 tengu warriors
  4 spriggan berserkers
  A deep troll shaman (Lair:6)
  11 death yaks
  Sonja (D:11)
  A skeletal warrior (D:12)
  5 goliath frogs
  4 spriggan druids
  2 phantasmal warriors (Swamp:3)
  3 spectral hydras
  4 orc knights
  A flayed ghost (Swamp:4)
  4 bog bodies
  Pikel (D:7)
  3 wizards (D:15)
  6 swamp dragons
  A harpy (D:13)
  3 deep elf pyromancers (D:13)
  A necromancer (D:15)
  7 orb spiders
  9 wolf spiders
  4 oklob plants
  2 manticores
  A moth of wrath (Spider:1)
  5 cyclopes
  19 elephants
  3 orc sorcerers
  A will-o-the-wisp (Swamp:2)
  Maurice (D:13)
  19 ugly things
  A guardian serpent (Abyss:2)
  3 black mambas (Lair:6)
  4 ice statues
  A naga mage (D:15)
  2 torpor snails (Lair:4)
  2 unseen horrors
  2 gargoyles
  12 cane toads
  A freezing wraith (D:12)
  2 centaur skeletons (D:15)
  A kobold demonologist (D:13)
  A yaktaur (D:15)
  2 ice devils (Orc:1)
  5 demonic crawlers
  8 komodo dragons
  A tengu conjurer (D:15)
  2 efreet
  15 rime drakes
  2 starcursed masses (Abyss:2)
  7 trolls
  12 jumping spiders
  2 death drake zombies (Swamp:4)
  5 polar bears
  4 hydra skeletons (Swamp:4)
  Prince Ribbit (D:7)
  8 tyrant leeches
  7 hornets
  8 slime creatures
  21 blink frogs
  17 redbacks
  2 large abominations (Abyss:2)
  6 spriggans
  8 tarantellas
  9 wraiths
  A centaur simulacrum (D:15)
  A shadow (D:11)
  4 wyverns
  A ynoxinul (D:15)
  A dire elephant simulacrum (IceCv)
  4 hogs (D:14)
  A basilisk (Lair:3)
  32 yaks
  16 humans (D:14)
  Eustachio (D:5)
  12 vampire mosquitoes
  Grum (D:11)
  Menkaure (D:7)
  A harpy simulacrum (IceCv)
  A death yak simulacrum (IceCv)
  2 acid dragons
  12 swamp worms
  3 wargs
  A naga (Abyss:2)
  4 hydra simulacra
  17 water moccasins
  5 swamp drakes
  2 swamp dragon zombies (Swamp:4)
  3 sky beasts
  21 orc warriors
  A black bear (Lair:6)
  A necrophage (D:7)
  A black mamba simulacrum (Lair:5)
  22 ogres
  9 wolves
  A swamp dragon skeleton (Swamp:4)
  8 centaurs
  A kobold brigand (D:8)
  A gnoll sergeant (D:8)
  12 bullfrogs
  A cane toad simulacrum (Lair:5)
  2 scorpions
  A water moccasin zombie (D:5)
  A wyvern skeleton (D:7)
  2 elephant simulacra (IceCv)
  2 dream sheep simulacra (Lair:5)
  5 killer bees (D:10)
  10 wights
  7 howler monkeys
  An electric eel (Spider:1)
  A small abomination (Abyss:2)
  5 centaur zombies
  2 bullfrog skeletons (D:5)
  4 hounds
  10 orc priests
  2 jellies
  Crazy Yiuf (D:4)
  12 hell rats
  An iguana (Lair:2)
  22 orc wizards
  4 polar bear simulacra
  8 mummies (Ossuary)
  3 howler monkey zombies
  3 adders
  4 gnolls
  A howler monkey skeleton (D:4)
  A river rat (D:8)
  A white imp (D:8)
  An ufetubus (D:5)
  2 adder skeletons (D:4)
  2 worms (D:2)
  3 dart slugs
  67 orcs
  4 ball pythons
  8 endoplasms
  5 giant cockroaches
  3 gnoll zombies (Ossuary)
  4 hobgoblins
  4 jackals (D:2)
  11 kobolds
  5 quokkas (D:1)
  4 bats
  5 frilled lizards
  7 goblins
  A hobgoblin zombie (Ossuary)
  4 kobold zombies (Ossuary)
  A quokka skeleton (D:4)
  7 rats
  4 briar patches (Swamp:4)
  A bush (Lair:5)
  A starspawn tentacle (Abyss:2)
899 creatures vanquished.

Vanquished Creatures (others)
  A goliath frog (Swamp:1)
  2 bloated husks (Swamp:3)
  A human (D:14)
  A swamp worm (Swamp:3)
  A swamp drake (Swamp:1)
  5 briar patches (Swamp:4)
  8 foxfires
  33 fungi
  58 plants
  22 starspawn tentacles (Abyss:2)
132 creatures vanquished.

Grand Total: 1031 creatures vanquished

Notes
Turn   | Place    | Note
-------+----------+-------------------------------------------
     0 | D:5      | flotson the Demonspawn Delver began the quest for the Orb.
     0 | D:5      | Reached XP level 1. HP: 18/18 MP: 1/1
    58 | D:5      | Found a sand-covered staircase.
    72 | Ossuary  | Entered an ossuary
   188 | Ossuary  | Gained mutation: You have large cloven feet. [demonic
                  | ancestry]
   188 | Ossuary  | Reached XP level 2. HP: 24/24 MP: 2/2
   190 | Ossuary  | Reached skill level 1 in Armour
   190 | Ossuary  | Reached skill level 1 in Evocations
   190 | Ossuary  | Reached XP level 3. HP: 29/29 MP: 3/3
   220 | Ossuary  | HP: 1/29 [mummy (15)]
   222 | Ossuary  | Reached XP level 4. HP: 1/35 MP: 4/4
  1098 | D:4      | Gained mutation: You sometimes gain a little power by
                  | taking damage. [demonic ancestry]
  1098 | D:4      | Reached XP level 5. HP: 40/42 MP: 5/5
  1494 | D:2      | Reached skill level 4 in Fighting
  3050 | D:3      | Found a faded altar of an unknown god.
  3704 | D:4      | Found a staircase to the Ecumenical Temple.
  3715 | Temple   | Entered the Ecumenical Temple
  3721 | Temple   | Became a worshipper of Gozag Ym Sagoz the Greedy
  3822 | D:4      | Gained mutation: You are partially covered in molten
                  | scales. (AC +2) [demonic ancestry]
  3822 | D:4      | Reached XP level 6. HP: 14/48 MP: 6/6
  4348 | D:4      | Found a shadowy altar of Dithmenos.
  4372 | D:4      | Reached skill level 1 in Throwing
  4494 | D:4      | Found a hazy altar of Hepliaklqana.
  4643 | D:4      | Found a runed translucent door.
  4644 | D:4      | Noticed Crazy Yiuf
  4668 | D:4      | Killed Crazy Yiuf
  4861 | D:5      | Reached skill level 1 in Shields
  5054 | D:5      | Gained mutation: You are mostly covered in molten scales.
                  | (AC +3) [demonic ancestry]
  5054 | D:5      | Reached XP level 7. HP: 47/55 MP: 7/7
  5497 | D:5      | Noticed Eustachio
  5512 | D:5      | Killed Eustachio
  5513 | D:5      | Reached skill level 5 in Fighting
  6055 | D:6      | Reached XP level 8. HP: 23/62 MP: 8/8
  7166 | D:7      | Noticed Prince Ribbit
  7166 | D:7      | Found a stormy altar of Qazlal.
  7187 | D:7      | Killed Prince Ribbit
  7501 | D:7      | You fall into a shaft and drop 3 floors!
  7501 | D:10     | Entered Level 10 of the Dungeon
  7546 | D:10     | Reached XP level 9. HP: 36/69 MP: 9/9
  7801 | D:9      | Found an ornate altar of the Wu Jian Council.
  7822 | D:9      | Reached skill level 6 in Fighting
  7822 | D:9      | Reached skill level 5 in Evocations
  7964 | D:9      | Reached skill level 5 in Dodging
  8003 | D:9      | Noticed a two-headed ogre
  8015 | D:9      | Noticed Gastronok
  8023 | D:8      | Found a shimmering altar of Xom.
  8025 | D:8      | Found a shimmering altar of Xom.
  8147 | D:7      | Noticed Pikel
  8273 | D:7      | Found a runed translucent gate.
  8273 | D:7      | Noticed jasper's ghost (novice DsCA)
  8274 | D:7      | Found a runed translucent gate.
  8275 | D:7      | Found a runed translucent gate.
  8524 | D:7      | Noticed Menkaure
  8535 | D:7      | Killed Menkaure
  9000 | D:7      | Killed Pikel
  9001 | D:7      | Reached skill level 5 in Armour
  9124 | D:7      | Noticed an ice statue
  9275 | D:7      | Found a snail-covered altar of Cheibriados.
  9922 | D:8      | Found a shimmering altar of Xom.
  9932 | D:8      | Found a shimmering altar of Xom.
  9932 | D:8      | Found a shimmering altar of Xom.
  9937 | D:8      | Found a shimmering altar of Xom.
  9937 | D:8      | Found a shimmering altar of Xom.
 10196 | D:8      | Identified the +0 plate armour of Optimism {Regen+ Slay+2}
 10233 | D:8      | Noticed a manticore
 10322 | D:8      | Killed a manticore
 10323 | D:8      | Gained mutation: You regenerate a little health from kills.
                  | [demonic ancestry]
 10323 | D:8      | Reached XP level 10. HP: 23/77 MP: 10/10
 10390 | D:8      | Noticed a death yak
 10391 | D:8      | Noticed a death yak
 10445 | D:8      | Noticed a death yak
 10540 | D:7      | Killed a death yak
 10541 | D:7      | Reached skill level 7 in Fighting
 10541 | D:7      | Reached skill level 5 in Throwing
 10541 | D:7      | Reached skill level 5 in Shields
 11180 | D:5      | Bought a dazzling fustibalus for 560 gold pieces
 11180 | D:5      | Identified the +7 fustibalus "Juuqam" {venom, Str+2 Dex+2
                  | Stlth+} (You bought it in a shop on level 5 of the Dungeon)
 11180 | D:5      | Bought a glowing war axe for 182 gold pieces
 11269 | D:7      | Killed an ice statue
 11401 | D:6      | Killed a death yak
 11449 | D:7      | Killed a death yak
 11671 | D:8      | Found a staircase to the Lair.
 11675 | D:8      | You fall into a shaft and drop 2 floors!
 12066 | D:9      | Killed Gastronok
 12067 | D:9      | Reached XP level 11. HP: 22/86 MP: 11/11
 12210 | D:9      | Killed a two-headed ogre
 12223 | D:9      | Found Tesu's Armour Emporium.
 12232 | D:9      | Bought a +2 tower shield of cold resistance for 279 gold
                  | pieces
 12634 | D:10     | Found a basalt altar of Yredelemnul.
 12709 | D:10     | Noticed a green ugly thing
 12801 | D:9      | Killed a green ugly thing
 12938 | D:10     | Reached skill level 8 in Fighting
 13336 | D:10     | Found a staircase to the Orcish Mines.
 13820 | Lair:1   | Entered Level 1 of the Lair of Beasts
 14147 | Lair:1   | Reached skill level 1 in Slings
 14284 | Lair:1   | Identified the +0 hat of Cynicism {Fly rN+ rCorr Dex-4}
 14344 | Lair:1   | Noticed an eight-headed hydra
 14355 | Lair:1   | Killed an eight-headed hydra
 14451 | Lair:1   | Noticed a four-headed hydra
 14456 | Lair:1   | Killed a four-headed hydra
 14558 | Lair:1   | Reached XP level 12. HP: 79/94 MP: 10/12
 15089 | Lair:2   | Reached skill level 9 in Fighting
 15175 | Lair:2   | Noticed a seven-headed hydra
 15183 | Lair:2   | Killed a seven-headed hydra
 15257 | Lair:2   | Noticed an eight-headed hydra
 15267 | Lair:2   | Killed an eight-headed hydra
 15388 | Lair:2   | Found a staircase to the Swamp.
 15775 | D:9      | Bought the +6 chain mail of Qysop {rF++ rC+} for 858 gold
                  | pieces
 16780 | Lair:3   | Reached skill level 5 in Axes
 17323 | Lair:3   | Found a hole to the Spider Nest.
 17743 | Lair:4   | Noticed a six-headed hydra
 17749 | Lair:4   | Killed a six-headed hydra
 17750 | Lair:4   | Gained mutation: You are completely covered in molten
                  | scales. (AC +4, rF+) [demonic ancestry]
 17750 | Lair:4   | Reached XP level 13. HP: 101/101 MP: 13/13
 17897 | Lair:4   | Found the +4 skin of Zhor {*Englaciate rC+++ SInv}
 18533 | Lair:5   | Found a runed translucent gate.
 18533 | Lair:5   | Found a runed translucent gate.
 18533 | Lair:5   | Found a runed translucent gate.
 18649 | Lair:5   | Identified the +8 scimitar "Uficeyby" {flame, rC+}
 18729 | Lair:5   | Noticed Ekaitz's ghost (journeyman HOFE)
 19322 | Lair:5   | Found an ancient bone altar of Kikubaaqudgha.
 19339 | Lair:5   | Found a runed translucent door.
 19340 | Lair:5   | Found a viscous altar of Jiyva.
 19340 | Lair:5   | Noticed an acid blob
 19340 | Lair:5   | Noticed an acid blob
 19341 | Lair:5   | Noticed an acid blob
 19342 | Lair:5   | Found a staircase to the Slime Pits.
 19342 | Lair:5   | Noticed an acid blob
 20129 | Lair:5   | Killed Ekaitz's ghost
 20130 | Lair:5   | Reached skill level 10 in Fighting
 20296 | Lair:6   | Entered Level 6 of the Lair of Beasts
 20313 | Lair:6   | Reached skill level 5 in Slings
 22060 | Lair:6   | Reached skill level 10 in Evocations
 22065 | Lair:6   | Reached XP level 14. HP: 62/111 MP: 8/14
 24032 | D:11     | Noticed Sonja
 24039 | D:11     | Killed Sonja
 24090 | D:11     | Noticed Snorg
 24103 | D:11     | Killed Snorg
 24572 | D:11     | Noticed Josephine
 24575 | D:11     | Found a portal to a secret trove of treasure.
 24580 | D:11     | Killed Josephine
 24723 | D:11     | Found an ornate altar of the Wu Jian Council.
 24803 | D:11     | Noticed Grum
 24819 | D:11     | Killed Grum
 25488 | D:12     | Found a snail-covered altar of Cheibriados.
 25852 | D:12     | Reached skill level 11 in Fighting
 26778 | D:13     | Noticed Maurice
 26788 | D:13     | Killed Maurice
 26983 | D:13     | Reached skill level 10 in Dodging
 27373 | D:13     | Reached skill level 10 in Armour
 27450 | D:13     | Gained mutation: You have hoof-like feet. [demonic
                  | ancestry]
 27450 | D:13     | Reached XP level 15. HP: 119/119 MP: 15/15
 27672 | D:13     | Found Naraulua's Overcharged Wands.
 28173 | D:13     | Identified the ring of Qoboen {*Corrode +Blink rF+++ AC+4}
 28248 | D:14     | Noticed Rupert
 28248 | D:14     | Noticed Nessos
 28248 | D:14     | Found a gate to the Vaults.
 28743 | D:14     | Noticed Kirke
 28842 | D:14     | Killed Kirke
 28934 | D:14     | Killed Nessos
 29363 | D:14     | Paralysed by Rupert for 6 turns
 29380 | D:14     | Killed Rupert
 29384 | D:14     | Reached skill level 10 in Shields
 29828 | D:15     | Entered Level 15 of the Dungeon
 31048 | D:15     | Cast into level 2 of the Abyss (a wizard)
 31129 | Abyss:2  | Found a corrupted altar of Lugonu.
 31139 | Abyss:2  | Noticed a tentacled starspawn
 31207 | Abyss:2  | Killed a tentacled starspawn
 31236 | Abyss:2  | Noticed a bone dragon
 31301 | Abyss:2  | Noticed a bone dragon
 31452 | Abyss:2  | Noticed a Hell Sentinel
 31546 | Abyss:2  | Reached skill level 12 in Fighting
 32022 | Abyss:2  | Noticed a tentacled starspawn
 32050 | Abyss:2  | Identified a scroll of acquirement
 32050 | Abyss:2  | Acquired a +2 vorpal broad axe
 32068 | Abyss:2  | Killed a tentacled starspawn
 32308 | Abyss:2  | Noticed a lich
 32354 | Abyss:2  | Noticed a tentacled starspawn
 32359 | Abyss:2  | HP: 3/84 [raiju/living lightning (7)]
 32380 | D:15     | Escaped the Abyss
 32814 | D:15     | Found a staircase to the Depths.
 33150 | Orc:1    | Entered Level 1 of the Orcish Mines
 33150 | Orc:1    | Found Qolier's Armour Boutique.
 33214 | Orc:1    | Found a frozen archway.
 33233 | IceCv    | Entered an ice cave
 33407 | IceCv    | Identified the ring "Ylustawoxzu" {Wiz rCorr Str+3}
 34467 | Orc:2    | Entered Level 2 of the Orcish Mines
 34489 | Orc:2    | Reached XP level 16. HP: 107/127 MP: 12/16
 34565 | Orc:2    | Found a staircase to the Elven Halls.
 34587 | Orc:2    | Found Hunump's Book Emporium.
 34587 | Orc:2    | Found Nebb's Jewellery Boutique.
 34587 | Orc:2    | Found Ovvayvim's Weapon Boutique.
 34587 | Orc:2    | Found Hichis's General Store.
 35040 | Orc:2    | Found a runed translucent gate.
 35041 | Orc:2    | Found a runed translucent gate.
 35041 | Orc:2    | Found a runed translucent gate.
 35042 | Orc:2    | Found an opulent altar of Gozag.
 35045 | Orc:2    | Noticed AttackTheMoon's ghost (journeyman TrFi)
 35095 | Orc:2    | Killed AttackTheMoon's ghost
 35385 | Orc:2    | Paralysed by an ogre mage for 2 turns
 36205 | D:10     | Bought a scroll of teleportation for 105 gold pieces
 36205 | D:10     | Bought a scroll of identify for 70 gold pieces
 36210 | D:10     | Bought a scroll of magic mapping for 52 gold pieces
 36210 | D:10     | Bought a potion of curing for 45 gold pieces
 36210 | D:10     | Bought a potion of curing for 45 gold pieces
 36210 | D:10     | Bought 2 scrolls of blinking for 225 gold pieces
 36212 | D:10     | Bought a throwing net for 42 gold pieces
 36212 | D:10     | Bought a wand of mindburst (5) for 126 gold pieces
 36232 | Orc:1    | Bought a +2 tower shield of protection for 322 gold pieces
 36482 | Swamp:1  | Entered Level 1 of the Swamp
 36541 | Swamp:1  | Upgraded the game from 0.28-a0-804-g60983d4ba9 to
                  | 0.28-a0-816-gb054d885db
 36869 | Lair:2   | Upgraded the game from 0.28-a0-816-gb054d885db to
                  | 0.28-a0-819-g6ef7baa362
 38441 | Swamp:1  | Identified the +5 chain mail of Kleptomania {Contam rCorr
                  | Dex+3}
 38632 | D:9      | Bought a +1 pair of gloves for 149 gold pieces
 38744 | D:10     | Bought an embroidered cloak for 180 gold pieces
 38758 | D:10     | Bought 8 sling bullets for 56 gold pieces
 39156 | Swamp:1  | Paralysed by a fenstrider witch for 3 turns
 39556 | Swamp:1  | Identified the +9 hand axe "Ekkohoog" {drain, *Rage MP+9
                  | Int+8}
 40668 | Swamp:2  | You fall into a shaft and drop 1 floor!
 42034 | Swamp:3  | Found a runed translucent gate.
 42034 | Swamp:3  | Found a runed translucent gate.
 42034 | Swamp:3  | Found a runed translucent gate.
 42193 | Swamp:3  | Noticed a tentacled monstrosity
 42212 | Swamp:3  | Noticed Timpunn's ghost (journeyman PaAE)
 43119 | Swamp:2  | Reached skill level 13 in Fighting
 43275 | Swamp:2  | Killed a tentacled monstrosity
 43408 | Swamp:2  | Gained mutation: You have hooves in place of feet. [demonic
                  | ancestry]
 43408 | Swamp:2  | Reached XP level 17. HP: 45/136 MP: 6/17
 43744 | Swamp:4  | Entered Level 4 of the Swamp
 44378 | Swamp:4  | Reached skill level 10 in Axes
 47191 | Swamp:4  | Found a basalt altar of Yredelemnul.
 47360 | Swamp:4  | Found a blossoming altar of Fedhas.
 47770 | Swamp:4  | Got a decaying rune of Zot
 48175 | Lair:5   | Killed an acid blob
 48176 | Lair:5   | Reached skill level 10 in Slings
 48181 | Lair:5   | Killed an acid blob
 48235 | Lair:5   | Killed an acid blob
 48246 | Lair:5   | Killed an acid blob
 48551 | Spider:1 | Entered Level 1 of the Spider Nest
 50664 | Spider:1 | HP: 1/138 [redback (17)]
 50666 | Spider:1 | Slain by a redback

Illustrated notes

Levels and vault maps discovered:
D:1:      roderic_dead_forest, layout_basic, minmay_heptomino_o4
D:2:      layout_basic
D:3:      layout_basic, shapermc_ecumenical_altar_ellora
D:4:      layout_loops_ring, mainiacjoe_overflow_brackets,
          nzn_hepliaklqana_mist_gate, minmay_temple_entry_junction,
          uniq_crazy_yiuf_cottage
D:5:      layout_basic, serial_shops, nicolae_stop_n_shop_2,
          nicolae_ossuary_entry_ruins, uniq_eustachio
D:6:      layout_loops_corners, zin_statuary, kennysheep_generic_room_12
D:7:      lemuel_ice_statue, layout_loops_cross,
          nicolae_qazlal_scattered_showers, mainiacjoe_overflow_alcove_4,
          biasface_ghost_orc_armoury, serial_park_tiny_pond, uniq_pikel,
          uniq_prince_ribbit1, uniq_menkaure
D:8:      layout_rooms, nicolae_xom_altar_mimics, dpeg_lair_monsters
D:9:      layout_loops_ring, mainiacjoe_overflow_24_doors,
          mainiacjoe_overflow_alcove_2, serial_shops, nicolae_shop_behind_doors,
          uniq_gastronok
D:10:     layout_roguey, yredelemnul_altar_generic, erik_orc_1
D:11:     layout_basic, nicolae_trove_entry_columns, fungi_pond_lemuel,
          nzn_wu_jian_council_hall, uniq_grum, uniq_sonja, uniq_josephine,
          uniq_snorg
D:12:     layout_roguey, cheibriados_altar_1
D:13:     evilmike_diamond_2, layout_basic, nicolae_shop_overcharged_wands,
          uniq_maurice
D:14:     layout_loops_ring, david_vaults_3, minmay_staircase_bubble, uniq_kirke
D:15:     grunt_enter_depths_magical_seal, layout_basic, nrook_campfire
Temple:   dshaligram_water_room_temple
Lair:1:   layout_regular_city, nzn_random_ring, lemuel_fruit_fields,
          lemuel_fruit_fields, serial_bayou_shore_a, infiniplex_staircase_pool_2
Lair:2:   layout_misc_corridors, palyth_hydra_swamp_entry
Lair:3:   layout_loops_ring, nicolae_spider_entry_orb_guardian,
          grunt_megastairs_4, infiniplex_staircase_pool, lemuel_fruit_tree
Lair:4:   layout_small_grid, minivault_24, hellmonk_guarded_unrand_zhor,
          grunt_megastairs_1, serial_bayou_shore_b
Lair:5:   layout_cave_pods, slime_altar_2, basic_altar, gammafunk_ghost_icy
Lair:6:   grunt_lair_end_beastmaster, layout_big_grid
Swamp:1:  layout_falls_marsh, nicolae_swamp_tree_designs,
          nicolae_swamp_treefoil, swamp_pool5
Swamp:2:  layout_basic_swamp, evilmike_swamp_ruin_house_1, swamp_pool3
Swamp:3:  layout_basic_swamp, gammafunk_ghost_split, evilmike_swamp_ruin_house_4
Swamp:4:  byrel_swamp_growth_death_and_undeath, layout_basic_swamp
Spider:1: layout_spider_delve, nicolae_spider_nook, uniq_rupert
Spider:2: layout_chambers
Orc:1:    layout_diamond_mine, serial_shops, nicolae_shop_waterfront,
          portal_ice_cave_demonic_guard
Orc:2:    st_orc_ogre_mass, layout_diamond_mine, ebering_ghost_gozag

Skill      XL: |  1  2  3  4  5  6  7  8  9 10 11 12 13 14 15 16 17 |
---------------+----------------------------------------------------+-----
Dodging        | 2 3 4 5 6 7 8 9 10 11 12 | 12.4
Armour         | 1 2 3 4 5 6 7 8 9 10 11 12 | 12.4
Evocations     | 1 2 3 4 6 7 8 9 10 11 12 | 12.0
Fighting       | 4 5 6 7 8 9 10 11 12 13 | 13.8
Throwing       | 1 2 3 4 5 6 |  6.3
Shields        | 1 2 3 4 5 6 7 8 9 10 11 12 | 12.0
Axes           | 3 5 6 7 8 9 10 | 10.8
Slings         | 2 4 5 7 8 9 10 | 10.3
Stealth        | |  4.5

Action                   |  1- 3 |  4- 6 |  7- 9 | 10-12 | 13-15 | 16-18 || total
-------------------------+-------+-------+-------+-------+-------+-------++-------
Melee: Hand axe          |    52 |   174 |       |       |       |       ||   226
       Kick              |     7 |    66 |   124 |   112 |       |   173 ||   482
       War axe           |       |    73 |   151 |   439 |   736 |       ||  1399
       Quarterstaff      |       |    20 |       |       |       |       ||    20
       Whip              |       |       |   171 |       |       |       ||   171
       Trident           |       |       |       |    10 |       |       ||    10
       Scimitar          |       |       |       |       |    15 |       ||    15
       Broad axe         |       |       |       |       |   251 |  1049 ||  1300
       Unarmed           |       |       |       |       |     9 |       ||     9
 Fire: Hunting sling     |       |     8 |    11 |       |       |       ||    19
       Fustibalus        |       |       |       |   289 |   861 |   417 ||  1567
Throw: Dart              |       |     8 |    53 |    12 |     6 |     1 ||    80
       Boomerang         |       |       |       |     4 |       |       ||     4
       Throwing net      |       |       |       |     1 |       |       ||     1
       Javelin           |       |       |       |     1 |    14 |       ||    15
Invok: Call Merchant     |       |       |       |       |       |     5 ||     5
 Abil: Evoke Blink       |       |       |       |       |     4 |     5 ||     9
Evoke: Wand              |     6 |       |     8 |    10 |    11 |    11 ||    46
  Use: Scroll            |     1 |       |     7 |     5 |    23 |     9 ||    45
       Potion            |     1 |     3 |     2 |     1 |    15 |     5 ||    27
 Stab: Sleeping          |       |    11 |     3 |       |       |       ||    14
       Distracted        |       |       |     1 |     5 |     6 |     3 ||    15
       Petrified         |       |       |       |       |     2 |       ||     2
       Paralysed         |       |       |       |       |     4 |       ||     4
       Confused          |       |       |       |       |       |     1 ||     1
Armor: Leather armour    |    17 |    57 |       |       |       |       ||    74
       Ring mail         |       |    43 |   181 |       |       |       ||   224
       Skin              |       |     3 |       |       |       |       ||     3
       Plate armour      |       |       |    34 |   364 |       |       ||   398
       Chain mail        |       |       |       |   103 |  1039 |  1364 ||  2506
Dodge: Dodged            |    14 |   151 |   155 |   209 |   462 |   619 ||  1610
Block: Kite shield       |       |    33 |   202 |    91 |       |       ||   326
       Tower shield      |       |       |       |   579 |  1937 |  1578 ||  4094

Table legend: (Time is in decaauts)
 A = Elapsed time spent in this place.
 B = Non-inter-level travel time spent in this place.
 C = Inter-level travel time spent in this place.
 D = Time resting spent in this place.
 E = Time spent auto-exploring this place.
 F = Levels seen in this place.
 G = Mean time per level.
                   A        B        C        D        E       F      G
               +--------+--------+--------+--------+--------+-----+--------+
         Total |  53037 |  48877 |   4160 |   3052 |  34107 |  33 | 1607.2 |
       Dungeon |  22665 |  20216 |   2449 |    179 |  15196 |  15 | 1511.0 |
        Temple |     12 |      6 |      6 |      0 |      0 |   1 |   12.0 |
          Lair |  13172 |  11876 |   1296 |    682 |   8446 |   6 | 2195.3 |
         Swamp |   9954 |   9713 |    241 |   1811 |   5936 |   4 | 2488.5 |
   Spider Nest |   1675 |   1652 |     23 |      0 |   1266 |   2 |  837.5 |
  Orcish Mines |   2554 |   2411 |    143 |      0 |   1680 |   2 | 1277.0 |
         Abyss |   1348 |   1348 |      0 |    229 |    555 |   1 | 1348.0 |
       Ossuary |    964 |    964 |      0 |    150 |    657 |   1 |  964.0 |
      Ice Cave |    689 |    689 |      0 |      0 |    367 |   1 |  689.0 |
               +--------+--------+--------+--------+--------+-----+--------+

Top non-repeatable levels by time:
 Swamp:3: 3441 daAuts
  Lair:5: 3182 daAuts
     D:7: 3129 daAuts
  Lair:6: 2887 daAuts
  Lair:2: 2799 daAuts
 Swamp:4: 2614 daAuts
 Swamp:2: 2405 daAuts
    D:15: 1947 daAuts
    D:13: 1891 daAuts
     D:9: 1853 daAuts
    D:11: 1693 daAuts
   Orc:2: 1667 daAuts
    D:14: 1616 daAuts
     D:6: 1545 daAuts
  Lair:1: 1520 daAuts
